Description

Glaive Adept Timing into Archon Drops

The drop play does require a bit of micro, the adept shades require a bit of micro, but overall this build is really strong and not too difficult to pull off. It's a solid standard opener vs Zerg opponents.

Replay - Eternal-Empire-LE-92

Build Order

Get SALT Encoding   

  12  0:00  Probe  
  13  0:12  Probe  
  14  0:19  Pylon  
  14  0:24  Probe  
  15  0:37  Probe (Chrono Boost)  
  15  0:41  Gateway  
  16  0:47  Probe x2 (Chrono Boost)  
  16  0:49  Assimilator  
  18  1:04  Probe  
  19  1:16  Probe  
  20  1:26  Nexus  
  20  1:36  Cybernetics Core  
  20  1:39  Probe  
  21  1:46  Assimilator  
  21  1:51  Probe  
  21  1:54  Pylon  
  22  2:03  Probe (Chrono Boost)  
  23  2:09  Adept (Chrono Boost)  
  23  2:13  Warp Gate  
  23  2:14  Probe x2 (Chrono Boost)  
  27  2:23  Twilight Council  
  27  2:30  Probe  
  27  2:33  Stalker (Chrono Boost)  
  30  2:40  Probe x2  
  31  2:50  Robotics Facility  
  31  2:52  Probe x2  
  33  3:04  Gateway  
  33  3:08  Probe x2  
  35  3:16  Dark Shrine  
  35  3:20  Adept  
  35  3:23  Probe  
  38  3:31  Gateway  
  38  3:38  Warp Prism (Chrono Boost), Probe  
  39  3:46  Pylon  
  41  3:49  Probe x2  
  41  3:54  Assimilator  
  43  4:01  Probe x2  
  45  4:05  Pylon  
  45  4:07  Adept x2  
  49  4:13  Probe x2  
  51  4:21  Assimilator  
  51  4:25  Pylon, Probe x2  
  53  4:37  Dark Templar x3  
  59  4:43  Probe x2  
  59  4:55  Probe x2  
  59  4:59  Observer  
  62  5:04  Dark Templar  
  62  5:06  Archon x2  
  65  5:07  Probe x2  
  65  5:09  Nexus  
  65  5:12  Pylon  
  66  5:17  Dark Templar  
  66  5:20  Pylon  
  66  5:21  Probe x2  
  66  5:30  Forge  
  66  5:32  Sentry  
  66  5:33  Probe x2  
  70  5:44  Immortal  
  70  5:45  Probe x2 (Chrono Boost)  
  78  5:57  Probe x2 (Chrono Boost)  
  78  6:02  Probe x2 (Chrono Boost)  
  79  6:05  Stargate x2  
  80  6:12  Probe x2 (Chrono Boost)  
  80  6:13  Pylon  
  80  6:18  Assimilator x2  
  82  6:20  Pylon  
  82  6:22  Probe x3 (Chrono Boost)  
  85  6:27  Pylon  
  85  6:31  Dark Templar  
  89  6:32  Probe x4 (Chrono Boost)  
  89  6:38  Probe x2 (Chrono Boost)  
  91  6:40  Observer  
  93  6:47  Immortal, Charge (Chrono Boost)  
  93  6:48  Protoss Ground Weapons Level 1  
  93  6:49  Phoenix x2 (Chrono Boost)  
  93  6:50  Probe  
  102  6:56  Photon Cannon  
  102  6:59  Pylon  
  102  7:05  Phoenix x2 (Chrono Boost)  
  102  7:07  Photon Cannon, Observer  
  106  7:15  Gateway x2  
  106  7:21  Gateway  
  106  7:22  Photon Cannon  
  106  7:26  Archon  
  106  7:32  Phoenix x2 (Chrono Boost)  
  109  7:39  Gateway x2  
  109  7:43  Templar Archives, Immortal  
  113  7:55  Probe x3  
  116  8:03  Psionic Storm  
  114  8:12  Gateway x2  
  114  8:17  Pylon x2  
  114  8:19  Blink (Chrono Boost)  
  114  8:21  Photon Cannon  
  114  8:22  High Templar x3  
  120  8:40  Photon Cannon  
  120  8:42  Gateway  
  120  8:49  High Templar x2  
  120  8:54  Gateway  
  124  8:56  Pylon  
  124  8:58  High Templar  
  126  9:13  Stalker x6  
  126  9:15  Gateway x2  
  138  9:19  Pylon  
  138  9:24  Protoss Shields Level 1 (Chrono Boost)  
  138  9:32  Nexus  
  138  9:34  Observer  
  138  9:35  Pylon  
  139  9:46  Pylon  
  139  9:55  Zealot x12  
Spawning Tool Build Advisor. Get it on Overwolf

Analysis

If this gets scouted super early, you don't have to commit to it. If there are no spores, don't worry about archons. Just warp in DTs. If the DTs get spotted, try and save them to get archons. Even if you don't drop, saving the archons is huge.

Go to:

Details

  • Created by: Texturace
  • Published on: May 15, 2020
  • Modified on: Jun 15, 2020
  • Patch: 4.11.0
  • Difficulty: Medium
Show
View Real Time Build Order
Export as new Build Order

Comments (0)

There are no comments. Be the first!

Create an account to comment!